 Dungeon Crawl Stone Soup version 0.29.1-14-g9c671dbff4 (webtiles) character file.

Game seed: 10977548663607616646

461 adizb the Ruffian (level 6, -3/59 HPs)
             Began as a Troll Fighter on Feb 14, 2023.
             Was a Follower of Okawaru.
             Slain by a gnoll
             ... wielding a +0 spear
              (5 damage)
             ... on level 3 of the Dungeon.
             The game lasted 00:08:36 (1595 turns).

adizb the Ruffian (Troll Fighter)                   Turns: 1595, Time: 00:08:36

Health: -3/59      AC:  0    Str: 27    XL:     6   Next: 79%
Magic:  4/6        EV: 11    Int:  4    God:    Okawaru [*.....]
Gold:   160        SH:  0    Dex:  9    Spells: 3/5 levels left

rFire   . . .      SeeInvis .     - Unarmed
rCold   + . .      Faith    .   (no shield)
rNeg    . . .      Spirit   .   a - +0 robe
rPois   .          Reflect  .   (helmet restricted)
rElec   .          Harm     .   (no cloak)
rCorr   .          Rampage  .   (gloves unavailable)
Will    .....                   (boots unavailable)
Stlth   +++.......              (no amulet)
HPRegen 0.99/turn               h - ring of protection from cold
MPRegen 0.10/turn               (no ring)

@: heroic, corroded
A: large, unfitting armour, claws 3, regeneration 1, shaggy fur 1, tough skin 1
a: Renounce Religion, Heroism


You were on level 3 of the Dungeon.
You worshipped Okawaru.
Okawaru was aware of your devotion.
You visited 1 branch of the dungeon, and saw 3 of its levels.

You collected 160 gold pieces.

Inventory:

Armour
 a - a +0 robe (worn)
 b - a +0 kite shield
Jewellery
 h - a ring of protection from cold (left claw)
Scrolls
 f - a scroll of torment
 i - a scroll of amnesia
 j - a scroll of noise {unknown}
 k - 2 scrolls of identify
Potions
 c - a potion of curing {unknown}
 d - 2 potions of magic
 e - a potion of berserk rage {unknown}
 g - a potion of lignification {unknown}
 l - a potion of ambrosia {unknown}


   Skills:
 - Level 2.4(7.4) Fighting
 - Level 2.4(7.4) Dodging
 - Level 2.6(7.6) Shields
 * Level 6.9(11.9) Unarmed Combat
 + Level 1.1 Earth Magic
 + Level 1.6 Invocations


You had 3 spell levels left.
You knew the following spells:

 Your Spells              Type           Power      Damage    Failure   Level
a - Passwall              Tmut/Erth      0%         N/A       56%         2

Your spell library contained the following spells:

 Spells                   Type           Power      Damage    Failure   Level
 Apportation              Tloc           0%         N/A       50%         1
 Ensorcelled Hibernation  Hex/Ice        0%         N/A       65%         2
 Gell's Gravitas          Tloc           0%         N/A       86%         3
 Swiftness                Air            0%         N/A       86%         3
 Teleport Other           Tloc           0%         N/A       86%         3
 Alistair's Intoxication  Tmut/Pois      0%         N/A       100%        5
 Dispersal                Tloc           0%         N/A       100%        6
 Chain Lightning          Conj/Air       0%         N/A       100%        9
 Fire Storm               Conj/Fire      0%         5d1       100%        9
 Shatter                  Erth           0%         3d5*      100%        9


Dungeon Overview and Level Annotations

Branches:
Dungeon (3/15)

Altars:
Okawaru

Annotations:
D:3 Ijyb


Innate Abilities, Weirdness & Mutations

You are too large for most types of armour.
You have claws for hands.
Your natural rate of healing is unusually fast.
You are covered in fur. (AC +1)
You have tough skin. (AC +1)


Message History

You barely miss the ball python. The ball python barely misses you.
The gnoll barely misses you.
You closely miss the ball python. The ball python barely misses you.
The gnoll hits you from afar with a +0 spear.
You closely miss the ball python. The ball python closely misses you.
The gnoll hits you but does no damage.
You barely miss the ball python. The ball python closely misses you.
The gnoll hits you from afar with a +0 spear.
Ijyb zaps a wand.
The bolt of acid hits the ball python!
The ball python dies!
The bolt of acid hits you! Ijyb hits you with a +0 dagger.
The gnoll hits you but does no damage. The gnoll hits you with a +0 spear.
Items here: ( )) †††.
You closely miss Ijyb. The gnoll attacks as you move away!
The gnoll hits you with a +0 spear. The gnoll misses you.
You are too injured to fight recklessly!
You closely miss Ijyb. Ijyb hits you with a +0 dagger.
The gnoll hits you from afar with a +0 spear. x2
* * * LOW HITPOINT WARNING * * *
Okay, then.
Okay, then.
You gain the combat prowess of a mighty hero.
Ijyb barely misses you.
The gnoll hits you from afar with a +0 spear.
* * * LOW HITPOINT WARNING * * *
The gnoll hits you from afar with a +0 spear.
* * * LOW HITPOINT WARNING * * *
You closely miss Ijyb. Your claw misses Ijyb.
Ijyb zaps a wand.
The bolt of acid hits you!
* * * LOW HITPOINT WARNING * * *
The acid corrodes you! The gnoll barely misses you. The gnoll misses you.
Okay, then.
You scratch Ijyb.
Ijyb is lightly wounded.
Ijyb hits you with a +0 dagger.
* * * LOW HITPOINT WARNING * * *
The gnoll hits you from afar with a +0 spear.
You die...

##.##.#..## #..##.#...###
##.###...#...####### #..#
##..###.#.....### ##.##
#.....S.........
#..#####.g...g........#
###.>.....gg###.K....?..#
#>..#######g# #..g.......
##..## #@# #.g...[...#
#...# #.# #..g.......
#.#.# #...##.........
#)#..# ###$..[........
#.##.# ##...$...... #.#
.. #g........ #.# ###
.......... #.# #.........
#.# ##<....$..


You could see Ijyb, 2 gnolls and a hobgoblin.

Vanquished Creatures
  Sigmund (D:2)
  A scorpion (D:3)
  Terence (D:2)
  Jessica (D:3)
  Natasha (D:2)
  A gnoll (D:3)
  6 adders (D:2)
  3 dart slugs
  An orc (D:3)
  7 ball pythons
  7 bats
  11 endoplasms
  5 giant cockroaches
  2 goblins
  8 hobgoblins
  4 jackals (D:2)
  4 quokkas
  4 frilled lizards
  7 kobolds
  8 rats
83 creatures vanquished.

Vanquished Creatures (others)
  A ball python (D:3)
  2 fungi (D:2)
  3 plants (D:2)
6 creatures vanquished.

Grand Total: 89 creatures vanquished

Notes
Turn   | Place    | Note
-------+----------+-------------------------------------------
     0 | D:1      | adizb the Troll Fighter began the quest for the Orb.
     0 | D:1      | Reached XP level 1. HP: 22/22 MP: 0/0
   130 | D:1      | Reached XP level 2. HP: 29/29 MP: 1/1
   176 | D:1      | Reached skill level 3 in Unarmed Combat
   310 | D:1      | Reached XP level 3. HP: 36/36 MP: 2/2
   801 | D:2      | Noticed Sigmund
   810 | D:2      | Reached skill level 4 in Unarmed Combat
   812 | D:2      | Killed Sigmund
   813 | D:2      | Reached skill level 6 in Unarmed Combat
   813 | D:2      | Reached XP level 4. HP: 24/44 MP: 3/3
   813 | D:2      | Reached XP level 5. HP: 28/50 MP: 4/4
   959 | D:2      | Found a faded altar of an unknown god.
   967 | D:2      | Prayed at the altar of an unknown god.
   967 | D:2      | Became a worshipper of Warmaster Okawaru
   967 | D:2      | Reached * piety under Okawaru
  1191 | D:2      | Noticed Terence
  1197 | D:2      | Killed Terence
  1198 | D:2      | Reached XP level 6. HP: 49/59 MP: 5/5
  1270 | D:2      | Learned a level 2 spell: Passwall
  1272 | D:2      | Noticed Natasha
  1276 | D:2      | Reached skill level 1 in Invocations
  1284 | D:2      | Killed Natasha
  1500 | D:3      | Noticed Jessica
  1502 | D:3      | Killed Jessica
  1503 | D:3      | Reached skill level 1 in Earth Magic
  1565 | D:3      | Noticed Ijyb
  1595 | D:3      | HP: 2/59 [Ijyb/+0 dagger (2)]
  1595 | D:3      | Slain by a gnoll

Illustrated notes

Levels and vault maps discovered:
D:1:      onia_arrival_mini_spirals, layout_basic, grunt_decor_mini_mirrors,
          nicolae_kite_square_tiling_tiny, chequers_serial_rivers_small_3,
          minmay_cut_off
D:2:      minmay_general_purpose_star, layout_rooms,
          shapermc_ecumenical_altar_hornbeckon, grunt_ministairs_2,
          kennysheep_generic_room_6, uniq_sigmund, uniq_natasha, uniq_terence
D:3:      layout_rooms, uniq_ijyb, uniq_jessica

Skill      XL: |  1  2  3  4  5  6 |
---------------+-------------------+-----
Unarmed Combat | 3 6 |  6.9
Invocations    | 1 |  1.6
Earth Magic    | 1 |  1.1
Fighting       | |  2.4
Dodging        | |  2.4
Shields        | |  2.6

Action                   |  1- 3 |  4- 6 || total
-------------------------+-------+-------++-------
Melee: Unarmed           |    83 |   116 ||   199
Invok: Heroism           |       |     1 ||     1
  Use: Potion            |     1 |       ||     1
       Scroll            |       |     4 ||     4
 Stab: Sleeping          |     1 |     1 ||     2
Armor: Robe              |    36 |    40 ||    76
Dodge: Dodged            |    45 |    55 ||   100
